 Dungeon Crawl Stone Soup version 0.31-a0-472-g43a2ca8e1b (console) character file.

Game seed: 17171813463117806809

49 Lexodia the Conjurer (level 3, -2/19 HPs)
             Began as a Tengu Hedge Wizard on Aug 6, 2023.
             Was a Follower of Sif Muna.
             Slain by an orc wizard
             ... wielding a +0 dagger
              (3 damage)
             ... on level 3 of the Dungeon.
             The game lasted 00:03:02 (2015 turns).

Lexodia the Conjurer (Tengu Hedge Wizard)           Turns: 2015, Time: 00:03:03

Health: -2/19      AC:  2    Str:  9 (10) XL:     3   Next: 77%
Magic:  8/8        EV: 12    Int: 13 (16) God:    Sif Muna [*.....]
Gold:   208        SH:  0    Dex: 12 (13) Spells: 7/8 levels left

rFire   . . .        k - +1 dagger (protect)
rCold   . . .        (no shield)
rNeg    . . .        b - +0 robe
rPois   .            c - +0 hat
rElec   .            (no cloak)
rCorr   .            (no gloves)
SInv    .            (boots unavailable)
Will    .....        (no amulet)
Stlth   ++           (no ring)
HPRegen 0.23/turn    (no ring)
MPRegen 0.11/turn

%: no passive effects
@: brilliant, attractive
A: beak, talons 3
a: Renounce Religion, Channel Magic


You were on level 3 of the Dungeon.
You worshipped Sif Muna.
Sif Muna was aware of your devotion.
You visited 1 branch of the dungeon, and saw 3 of its levels.

You collected 208 gold pieces.

Inventory:

Hand Weapons
 a - a +0 dagger
 i - a +0 trident
 k - a +1 dagger of protection (weapon)
Armour
 b - a +0 robe (worn)
 c - a +0 hat (worn)
 h - a +0 pair of gloves
Scrolls
 f - a scroll of silence {unknown}
 g - a scroll of enchant armour {unknown}
 l - a scroll of blinking {unknown}
 m - a scroll of revelation {unknown}
 o - a scroll of torment {unknown}
 p - 2 scrolls of teleportation {unknown}
Potions
 d - a potion of magic


   Skills:
 + Level 2.1 Short Blades
 - Level 2.1 Dodging
 + Level 2.1 Stealth
 - Level 3.0 Spellcasting
 + Level 3.2 Conjurations
 - Level 1.2 Summonings
 - Level 0.7 Translocations
 + Level 0.6 Invocations


You had 7 spell levels left.
You knew the following spells:

 Your Spells              Type           Power      Damage    Failure   Level
a - Magic Dart            Conj           60%        1d6       6%          1

Your spell library contained the following spells:

 Spells                   Type           Power      Damage    Failure   Level
 Slow                     Hex            8%         N/A       22%         1
 Call Imp                 Summ           14%        N/A       22%         2
 Blink                    Tloc           10%        N/A       26%         2
 Cigotuvi's Dreadful Rot  Necr/Pois/Air  4%         N/A       34%         2
 Ensorcelled Hibernation  Hex/Ice        4%         N/A       34%         2
 Passwall                 Tmut/Erth      1%         N/A       34%         2
 Mephitic Cloud           Conj/Pois/Air  7%         N/A       41%         3
 Swiftness                Air            2%         N/A       56%         3


Dungeon Overview and Level Annotations

Branches:
Dungeon (3/15)

Altars:
Sif Muna


Innate Abilities, Weirdness & Mutations

You have a beak for a mouth.
You have claws for feet.


Message History

You barely miss the orc. Your kick misses the orc. Your peck misses the orc.
The orc hits you but does no damage.
You barely miss the orc. You peck the orc.
The orc is lightly wounded.
You hit the orc. You claw the orc.
You kill the orc!
Sif Muna accepts your kill.
The orc priest mumbles some strange prayers to Beogh against you.
Beogh smites you!
Ouch! That really hurt!
* * * LOW HITPOINT WARNING * * *
The orc wizard points at you and mumbles some strange words.
You are confused.
Huge Dmg: -78%(-15hp) hp: 22%(4hp) It was a potion of heal wounds.
You feel much better.
You are too confused!
You bump into the rock wall.
The orc priest mumbles some strange prayers to Beogh against you.
Beogh smites you!
Ouch! That really hurt!
The orc wizard closely misses you.
Huge Dmg: -68%(-13hp) hp: 32%(6hp) It was a potion of degeneration.
There was something very wrong with that liquid.
You feel weakened.
You feel dopey.
You feel clumsy.
The orc wizard hits you with a +0 dagger.
* * * LOW HITPOINT WARNING * * *
Damage: -5%(-1hp) hp: 27%(5hp) It was a potion of brilliance.
You feel clever all of a sudden. The orc wizard closely misses you.
It was a potion of attraction.
You feel attractive to monsters.
The orc wizard hits you with a +0 dagger.
* * * LOW HITPOINT WARNING * * *
Huge Dmg: -21%(-4hp) hp: 6%(1hp)
You bump into the rock wall.
You feel less confused.
The orc wizard hits you with a +0 dagger.
You die...

.......
..... .....
... .o. #{#
#o# #@#
#######.###
#.......#>.
#.......#.#
#.......#.#
#.......#.#
#######'#.#
#....#
#....#


You could see an orc priest and an orc wizard.

Vanquished Creatures
  A worm (D:2)
  2 dart slugs (D:1)
  2 orcs (D:3)
  3 ball pythons
  5 endoplasms
  4 goblins (D:1)
  3 hobgoblins
  4 jackals (D:1)
  4 bats
  4 frilled lizards
  3 kobolds (D:1)
  4 rats
39 creatures vanquished.

Notes
Turn   | Place    | Note
-------+----------+-------------------------------------------
     0 | D:1      | Lexodia the Tengu Hedge Wizard began the quest for the Orb.
     0 | D:1      | Reached XP level 1. HP: 10/10 MP: 5/5
    38 | D:1      | Huge Dmg: 3 dmg
    40 | D:1      | Huge Dmg: 3 dmg
   103 | D:1      | Huge Dmg: 3 dmg
   107 | D:1      | Huge Dmg: 3 dmg
   109 | D:1      | Reached skill level 1 in Short Blades
   168 | D:1      | Reached XP level 2. HP: 15/15 MP: 4/7
   323 | D:1      | Huge Dmg: 4 dmg
   427 | D:1      | Found a faded altar of an unknown god.
   528 | D:1      | Reached XP level 3. HP: 19/19 MP: 1/8
   528 | D:1      | Prayed at the altar of an unknown god.
   528 | D:1      | Became a worshipper of Sif Muna the Loreminder
   528 | D:1      | Reached * piety under Sif Muna
   912 | D:1      | Huge Dmg: 4 dmg
  1177 | D:2      | Huge Dmg: 9 dmg
  2010 | D:3      | Huge Dmg: 15 dmg
  2012 | D:3      | Huge Dmg: 13 dmg
  2015 | D:3      | Huge Dmg: 4 dmg
  2015 | D:3      | Slain by an orc wizard

Illustrated notes

Levels and vault maps discovered:
D:1:      ncdulo_halloftheorcs, layout_loops_ring,
          hellmonk_ecumenical_altar_blasted, minmay_pentomino_s2
D:2:      layout_basic, interstate_on_off, grunt_ministairs_3,
          dreamdust_wishing_well
D:3:      layout_basic, nicolae_wu_jian_immortal_techniques,
          mainiacjoe_overflow_tiny_flanked, st_stairs_4

Skill      XL: |  1  2  3 |
---------------+----------+-----
Short Blades   | 1 2 |  2.1
Conjurations   | 2 3 |  3.2
Dodging        | |  2.1
Stealth        | |  2.1
Spellcasting   | |  3.0
Summonings     | |  1.2
Translocations | |  0.7
Invocations    | |  0.6

Action                     || total
---------------------------++-------
  Melee: Dagger            ||    78
         Kick              ||    22
         Peck              ||    12
         Punch             ||     1
   Cast: Magic Dart        ||    36
    Use: Potion            ||     4
   Stab: Sleeping          ||     3
 Armour: Robe              ||     7
  Dodge: Dodged            ||    47

Table legend: (Time is in decaauts)
 A = Elapsed time spent in this place.
 B = Non-inter-level travel time spent in this place.
 C = Inter-level travel time spent in this place.
 D = Time resting spent in this place.
 E = Time spent auto-exploring this place.
 F = Levels seen in this place.
 G = Mean time per level.
                   A        B        C        D        E       F      G
               +--------+--------+--------+--------+--------+-----+--------+
         Total |   2006 |   1843 |    163 |     32 |   1557 |   3 |  668.7 |
       Dungeon |   2006 |   1843 |    163 |     32 |   1557 |   3 |  668.7 |
               +--------+--------+--------+--------+--------+-----+--------+

Top non-repeatable levels by time:
     D:1: 1162 daAuts
     D:2: 782 daAuts
     D:3: 61 daAuts
